cohdb
Replays
Latest Replays
All Replays
Popular Replays
Top Player Replays
Match Explorer
How It Works
Community
CoH3 Stats
Reddit
Sign in to upload your games and track your stats! →
Sign in with Steam
Match 46343919
Unlisted
Match 46343919
Overview
Messages
Build Orders
End
Construct Infanterie Kompanie
Selects Luftwaffe Battlegroup
Selects Luftwaffe Pioneer Support
Fallschirmpioneer Squad Paradrop
Grenadier Squad
MG 42 Machine Gun Team
Selects Stuka Strafing Run
Construct Panzergrenadier Kompanie
Panzergrenadier Squad
Panzergrenadier Squad
Selects LG40 Recoilless Gun Paradrop
Stuka Strafing Run
Medical Station
Construct Panzer Kompanie
Stuka Strafing Run
Selects Fallschirmjäger Squad Paradrop
Stuka Strafing Run
Stuka Strafing Run
Panzer IV Medium Tank
Stoßtruppen Squad
Panzer Officer Quarters
???
✠KREUZZUG✠
samurai.g
DebaKLeTV
Derek Doon
Frodosynthesis
0
0
Comments
sign in to comment!
No comments posted yet!